 Dungeon Crawl Stone Soup version 0.29-a0-1023-g6ae1a4a2c7 (webtiles) character file.

Game seed: 5604315952062297094

458 ytrimaz the Covered (level 6, -3/47 HPs)
             Began as a Demonspawn Fighter on Aug 11, 2022.
             Slain by an orc
             ... wielding a +0 flail
              (6 damage)
             ... on level 5 of the Dungeon.
             The game lasted 00:03:53 (5097 turns).

ytrimaz the Covered (Demonspawn Fighter)            Turns: 5097, Time: 00:03:54

Health: -3/47      AC:  7    Str: 24    XL:     6   Next: 77%
Magic:  6/6        EV:  9    Int:  9    God:
Gold:   186        SH:  8    Dex: 13    Spells: 5/5 levels left

rFire   . . .      SeeInvis .     - Unarmed
rCold   . . .      Faith    .   c - +0 buckler
rNeg    . . .      Spirit   .   b - +0 scale mail
rPois   .          Reflect  .   (no helmet)
rElec   .          Harm     .   (no cloak)
rCorr   .          Rampage  .   (no gloves)
Will    .....                   (no boots)
Stlth   ..........              (no amulet)
HPRegen 0.15/turn               k - +6 ring of strength
MPRegen 0.10/turn               (no ring)

@: no status effects
A: claws 2, large bone plates 1
a: no special abilities


You were on level 5 of the Dungeon.
You visited 1 branch of the dungeon, and saw 5 of its levels.

You collected 186 gold pieces.

Inventory:

Armour
 b - a +0 scale mail (worn)
 c - a +0 buckler (worn)
Jewellery
 k - a +6 ring of strength (left claw)
Wands
 a - a wand of light (4)
Scrolls
 f - a scroll of acquirement
 i - a scroll of teleportation {unknown}
 n - a scroll of amnesia {unknown}
 o - a scroll of poison {unknown}
 p - a scroll of immolation {unknown}
 q - a scroll of fear {unknown}
 r - a scroll of blinking {unknown}
Potions
 d - 2 potions of might
 e - 2 potions of flight
 g - a potion of degeneration {unknown}
 h - a potion of brilliance {unknown}
 j - 2 potions of lignification
 l - a potion of attraction
 m - a potion of magic {unknown}
 s - a potion of mutation {unknown}


   Skills:
 - Level 3.0 Fighting
 - Level 2.6 Short Blades
 + Level 4.8 Armour
 - Level 2.6 Shields
 * Level 4.4 Unarmed Combat


You had 5 spell levels left.
You didn't know any spells.
Your spell library contained the following spells:

 Spells                   Type           Power      Damage    Failure   Level
 Ensorcelled Hibernation  Hex/Ice        0%         N/A       88%         2
 Confusing Touch          Hex            0%         N/A       98%         3
 Spider Form              Tmut/Pois      0%         N/A       98%         3
 Tukima's Dance           Hex            0%         N/A       98%         3
 Anguish                  Hex/Necr       0%         N/A       100%        4
 Animate Armour           Summ/Erth      0%         N/A       100%        4
 Passage of Golubria      Tloc           0%         N/A       100%        4
 Blade Hands              Tmut           0%         N/A       100%        5
 Yara's Violent Unravell  Hex/Tmut       0%         3d3       100%        5
 Iron Shot                Conj/Erth      0%         9d1       100%        6
 Enfeeble                 Hex            0%         N/A       100%        7


Dungeon Overview and Level Annotations

Branches:
Dungeon (5/15)
 Temple: D:4-7

Altars:
Yredelemnul


Innate Abilities, Weirdness & Mutations

You have very sharp fingernails.
You are partially covered in large bone plates. (SH +4)


Message History

The orc priest is heavily wounded.
The orc closely misses you.
The orc priest calls down the wrath of Beogh upon you.
You barely resist.
You are too injured to fight recklessly!
You closely miss the orc priest.
The orc priest is heavily wounded.
The orc priest casts a cantrip, but nothing happens.
The orc hits you but does no damage.
You closely miss the orc priest.
The orc priest is heavily wounded.
The orc priest mumbles some strange prayers to Beogh against you.
Beogh smites you!
* * * LOW HITPOINT WARNING * * *
The orc hits you but does no damage.
You scratch the orc priest.
The orc priest is almost dead.
The orc priest barely misses you. The orc hits you but does no damage.
Unknown command.
You claw the orc priest!
You kill the orc priest!
You barely miss the orc. You block the orc's attack.
You barely miss the orc. The orc closely misses you.
Unknown command.
You closely miss the orc. The orc hits you with a +0 flail!
* * * LOW HITPOINT WARNING * * *
You scratch the orc.
The orc is heavily wounded.
You block the orc's attack.
You scratch the orc.
The orc is almost dead.
You block the orc's attack.
You scratch the orc but do no damage.
The orc is almost dead.
The orc hits you with a +0 flail.
* * * LOW HITPOINT WARNING * * *
You scratch the orc but do no damage.
The orc is almost dead.
The orc hits you with a +0 flail.
You die...

#.#.........#.#.##...#######..
###.#...........#.[..#
#.###....##........#
#.###..............#
####........###.##....#
#......[.......).......#
#########..#####..#....# #..#
#.o#.#.#.≈ #..# #@)#.#.#.≈
#..# #......# ≈. #..# #.##.###
.... ..# ... .... ...# ###
o...# .....# #######


You could see an orc.

Vanquished Creatures
  Edmund (D:5)
  A hound (D:4)
  3 orc priests (D:5)
  3 orc wizards (D:5)
  4 adders
  An ufetubus (D:4)
  2 adder zombies (D:4)
  A worm (D:4)
  3 dart slugs
  8 orcs
  13 endoplasms
  2 giant cockroaches
  7 goblins
  4 hobgoblins
  2 jackals (D:4)
  A quokka (D:3)
  7 ball pythons
  3 bats
  3 frilled lizards
  9 kobolds
  7 rats
85 creatures vanquished.

Vanquished Creatures (others)
  A fungus (D:2)
  2 plants (D:2)
3 creatures vanquished.

Grand Total: 88 creatures vanquished

Notes
Turn   | Place    | Note
-------+----------+-------------------------------------------
     0 | D:1      | ytrimaz the Demonspawn Fighter began the quest for the Orb.
     0 | D:1      | Reached XP level 1. HP: 18/18 MP: 1/1
   135 | D:1      | Gained mutation: You are partially covered in large bone
                  | plates. (SH +4) [demonic ancestry]
   135 | D:1      | Reached XP level 2. HP: 21/24 MP: 2/2
  1345 | D:2      | Gained mutation: You have sharp fingernails. [demonic
                  | ancestry]
  1345 | D:2      | Reached XP level 3. HP: 27/29 MP: 3/3
  1619 | D:2      | Found a faded altar of an unknown god.
  1876 | D:2      | Identified a scroll of acquirement
  2220 | D:3      | Reached skill level 1 in Unarmed Combat
  2672 | D:3      | Gained mutation: You have very sharp fingernails. [demonic
                  | ancestry]
  2672 | D:3      | Reached XP level 4. HP: 35/35 MP: 4/4
  3392 | D:4      | Reached XP level 5. HP: 41/41 MP: 5/5
  4058 | D:4      | Found a basalt altar of Yredelemnul.
  4060 | D:4      | Identified the +5 spear "Beastbane" {vorpal, rElec rN+
                  | Int+7}
  4105 | D:5      | Entered Level 5 of the Dungeon
  4105 | D:5      | Noticed Edmund
  4119 | D:5      | Killed Edmund
  4120 | D:5      | Reached XP level 6. HP: 13/47 MP: 6/6
  5097 | D:5      | Slain by an orc

Illustrated notes

Levels and vault maps discovered:
D:1:      dpeg_arrival_arbitrary_b, layout_loops_ring
D:2:      layout_basic, shapermc_ecumenical_altar_mp_urbaneastern
D:3:      layout_basic
D:4:      layout_loops_ring, lemuel_zombie_altar_yredelemnul
D:5:      cheibrodos_barr_body, layout_basic, nicolae_overflow_squiral,
          minmay_temple_entry_fiery, grunt_ministairs_14,
          nicolae_shop_firing_range, uniq_eustachio, uniq_edmund

Skill      XL: |  1  2  3  4  5  6 |
---------------+-------------------+-----
Short Blades   | 2 |  2.6
Armour         | 3 4 |  4.8
Unarmed Combat | 1 3 4 |  4.4
Fighting       | |  3.0
Shields        | |  2.6

Action                   |  1- 3 |  4- 6 || total
-------------------------+-------+-------++-------
Melee: Rapier            |   140 |     1 ||   141
       Unarmed           |       |   166 ||   166
  Use: Scroll            |       |     5 ||     5
       Potion            |       |     1 ||     1
Armor: Scale mail        |    54 |    58 ||   112
Dodge: Dodged            |    44 |    57 ||   101
Block: Buckler           |    64 |    80 ||   144

Table legend: (Time is in decaauts)
 A = Elapsed time spent in this place.
 B = Non-inter-level travel time spent in this place.
 C = Inter-level travel time spent in this place.
 D = Time resting spent in this place.
 E = Time spent auto-exploring this place.
 F = Levels seen in this place.
 G = Mean time per level.
                   A        B        C        D        E       F      G
               +--------+--------+--------+--------+--------+-----+--------+
         Total |   5121 |   5044 |     77 |    522 |   3762 |   5 | 1024.2 |
       Dungeon |   5121 |   5044 |     77 |    522 |   3762 |   5 | 1024.2 |
               +--------+--------+--------+--------+--------+-----+--------+

Top non-repeatable levels by time:
     D:4: 1829 daAuts
     D:3: 990 daAuts
     D:2: 962 daAuts
     D:1: 928 daAuts
     D:5: 409 daAuts
